Cogmind - Beta 9.1 @@@ ROGUE MODE // 2019.10.31 @ 17:40:42 // Halloween2019/Abominations Player: Gitida Result: Core destroyed Performance ------------- Evolutions (1) 500 Regions Visited (2) 400 Robots Destroyed (14) 70 Value Destroyed (870) 870 Prototype IDs (2) 40 Alien Tech Used (0) 0 Bonus (0) 0 TOTAL SCORE: 1880 Bonus ------- None Cogmind --------- Core Integrity 0/400 Matter 300/300 Energy 125/125 System Corruption 9% Temperature Cool (0) Location -9/Materials Parts ------- Power (1) Light Ion Engine Propulsion (2) Light Treads Improved Treads Utility (3) Cooling System Large Storage Unit Large Storage Unit Weapon (3) Advanced Beam Cannon Grenade Launcher Inventory (16) Light Ion Engine Light Treads Light Treads Light Treads Light Treads Improved Treads Large Storage Unit Large Battery (300) Small Matter Pod (50) Light Armor Plating Light Armor Plating Hardened Light Armor Plating Recalibrator Datajack Datajack Peak State ------------ Power Light Ion Engine Propulsion Improved Treads Improved Treads Utility Large Storage Unit Large Storage Unit Signal Interpreter Weapon Spread Laser Advanced Beam Cannon Grenade Launcher Inventory Light Ion Engine Light Ion Engine Light Treads Light Treads Cooling System Small Matter Pod Light Armor Plating Hardened Light Armor Plating Small Laser Particle Gun Particle Cannon Advanced Beam Cannon Datajack Datajack [Rating: 16] Favorites ----------- Power Light Ion Engine Engine Light Ion Engine Propulsion Light Treads Treads Light Treads Utility Large Storage Unit Device Cooling System Storage Large Storage Unit Processor Signal Interpreter Protection Hardened Light Armor Plating Weapon Grenade Launcher Energy Gun Spread Laser Energy Cannon Advanced Beam Cannon Ballistic Gun Assault Rifle Launcher Grenade Launcher Special Melee Weapon Datajack Build | -11 -10 -9 ------- Run | Scr Mat Mat Slots Evolved 2 | . . 2 Power . | . . . Propulsion . | . . . Utility 1 | . . 1 Weapon 1 | . . 1 Parts Attached 35 | 4 7 24 Power 3 | 1 1 1 Engine 3 | 1 1 1 Core . | . . . Reactor . | . . . Propulsion 9 | 2 . 7 Treads 9 | 2 . 7 Leg . | . . . Wheel . | . . . Hover . | . . . Flight . | . . . Utility 7 | 1 2 4 Device 2 | . . 2 Storage 3 | 1 2 . Processor 1 | . . 1 Hackware . | . . . Protection 1 | . . 1 Artifact . | . . . Weapon 16 | . 4 12 Energy Gun 6 | . 2 4 Energy Cannon 5 | . . 5 Ballistic Gun 1 | . 1 . Ballistic Cannon . | . . . Launcher 2 | . 1 1 Special Weapon . | . . . Impact Weapon . | . . . Slashing Weapon . | . . . Piercing Weapon . | . . . Special Melee Weapon 2 | . . 2 Unidentified Prototypes 1 | . . 1 Parts Lost 7 | . 4 3 Power 2 | . 1 1 Propulsion . | . . . Utility . | . . . Weapon 5 | . 3 2 Highest Loss Streak 4 | . 4 1 Average Slot Usage (%) 87 | . 74 90 Engine 11 | . 12 10 Treads 22 | . 28 21 Device 3 | . . 3 Storage 22 | . 25 22 Processor 5 | . . 6 Energy Gun 4 | . 2 5 Energy Cannon 8 | . . 10 Launcher 8 | . 2 9 Naked Turns . | . . . Heaviest Build 45 | 9 40 45 Greatest Support 46 | 40 40 46 Greatest Overweight (x) 1 | . . 1 Average Overweight (x) . | . . . Largest Inventory Capacity 16 | 6 16 16 Average Capacity 15 | 4 14 16 Most Carried 16 | 4 6 16 Average Carried 7 | 3 3 8 Final Capacity 16 | 6 16 16 Final Carried 15 | 4 1 15 Class Distribution -------------------- 97% | Mutant Dominant Class ---------------- Mutant | -10/Materials Mutant | -9/Materials Resources | -11 -10 -9 ----------- Run | Scr Mat Mat Matter Collected 854 | 212 79 563 Remotely . | . . . Salvage Created 589 | . 90 499 Parts 48 | . 4 44 Haulers Intercepted . | . . . Recyclers Shooed . | . . . Parts Field Recycled . | . . . Retrieved Matter . | . . . Parts Self-Destructed . | . . . Prevented . | . . . Kills | -11 -10 -9 ------- Run | Scr Mat Mat Combat Hostiles Destroyed 14 | . 3 11 Guns 2 | . 1 1 Cannons 10 | . . 10 AOE 2 | . 2 . Classes Destroyed 1 | . 1 . Abomination 14 | . 3 11 Best Kill Streak 2 | . 2 2 Combat Bots Only 2 | . 2 2 Max Kills in Single Turn 1 | . 1 1 Gunslinging . | . . . Exploded 1 | . 1 . Melee . | . . . Uniques/NPCs Destroyed . | . . . Combat | -11 -10 -9 -------- Run | Scr Mat Mat Damage Taken 2218 | . 516 1702 Core 449 | . 16 433 Absorbed by Shields . | . . . Core Remaining (%) 96 | 100 93 . Volleys Fired 88 | . 18 70 Largest 3 | . 2 3 Hottest 173 | . 90 173 Shots Fired 126 | . 22 104 Gun 47 | . 16 31 Cannon 54 | . . 54 Launcher 25 | . 6 19 Special . | . . . Kinetic 8 | . 8 . Thermal 93 | . 8 85 Explosive 25 | . 6 19 Electromagnetic . | . . . Robot Hit Streak 13 | . 6 13 Robot Miss Streak 11 | . 2 11 Penetration Max . | . . . Secondary Targets . | . . . Shots Hit Robots 86 | . 15 71 Core Hits 47 | . 8 39 Critical Hits 6 | . . 6 Critical Kills 3 | . . 3 Critical Parts Destroyed 3 | . . 3 Melee Attacks 2 | . . 2 Impact . | . . . Slashing . | . . . Piercing . | . . . Sneak Attacks . | . . . Combat Hostiles . | . . . Follow-up Attacks . | . . . Damage Inflicted 2016 | . 389 1627 Guns 470 | . 171 299 Cannons 1013 | . . 1013 Explosions 528 | . 218 310 Melee . | . . . Ramming 5 | . . 5 Kinetic 61 | . 61 . Thermal 1422 | . 110 1312 Explosive 528 | . 218 310 Electromagnetic . | . . . Impact . | . . . Slashing . | . . . Piercing . | . . . Highest Corruption 8 | . 1 8 Average Corruption 4 | . 1 4 Corruption Purged . | . . . Effects 20 | . . 20 Message Errors 5 | . . 5 Matter Fused 3 | . . 3 Heat Flow Errors 5 | . . 5 Targeting Errors 3 | . . 3 Weapon Failures 4 | . . 4 Overload Shots . | . . . Overflow Damage 15 | . . 15 Projectiles 8 | . . 8 Explosions 7 | . . 7 Melee . | . . . Knockbacks . | . . . Impact . | . . . Kinetic . | . . . Secondary . | . . . Self-Inflicted Damage 70 | . 20 50 Shots 4 | . 1 3 Rammed 1 | . . 1 Targets Rammed 1 | . . 1 Kicked . | . . . Crushed . | . . . Highest Temperature 706 | . 120 706 Average Temperature 148 | . 64 156 Received Heat Transfer 253 | . . 253 Effects 9 | . . 9 Shutdowns 2 | . . 2 Energy Bleed 1 | . . 1 Interference 2 | . . 2 Short Circuit 2 | . . 2 Damage (minor) 1 | . . 1 Damage (core) 1 | . . 1 Siege Activations . | . . . Robots Corrupted . | . . . Combat Hostiles . | . . . Parts Fried . | . . . Impact Corruptions . | . . . Robots Melted . | . . . Combat Hostiles . | . . . Parts Melted . | . . . Heat Transferred 606 | . 60 546 Parts Sabotaged . | . . . Parts Stolen . | . . . Parts Stripped . | . . . Power Chain Reactions . | . . . Missiles Intercepted . | . . . Alert | -11 -10 -9 ------- Run | Scr Mat Mat Peak Influence 59 | . 30 59 Average Influence 16 | . 5 20 Maximum Alert Level . | . . . Low Security (%) 100 | . . . Level 1 . | . . . Level 2 . | . . . Level 3 . | . . . Level 4 . | . . . Level 5 . | . . . High Security . | . . . Max Security . | . . . Squads Dispatched 21 | . 3 18 Investigation 4 | . . 4 Extermination . | . . . Reinforcement 5 | . 2 3 Assault 12 | . 1 11 Garrison . | . . . Intercept . | . . . Construction Impeded . | . . . Haulers Reinforced . | . . . Stealth | -11 -10 -9 --------- Run | Scr Mat Mat Distress Signals 10 | . 3 7 Communications Jammed . | . . . Distress Signals . | . . . Times Spotted 25 | . 8 17 Peak Tracking Total 5 | . 5 5 Tactical Retreats 2 | . . 2 Traps | -11 -10 -9 ------- Run | Scr Mat Mat Traps Triggered 1 | . . 1 Indirectly . | . . . Trap Hack Attempts . | . . . Triggered . | . . . Disarmed . | . . . Reprogrammed . | . . . Reused . | . . . Traps Extracted . | . . . Installed . | . . . Triggered 1 | . 1 . Machines | -11 -10 -9 ---------- Run | Scr Mat Mat Machines Disabled 3 | . 1 2 Max in Single Turn 1 | . 1 1 Machines Sabotaged . | . . . Garrisons Compromised . | . . . Overloaded Fab Kills . | . . . Fab Network Shutdowns . | . . . Hacking | -11 -10 -9 --------- Run | Scr Mat Mat Machines Accessed 6 | . 1 5 Terminals 6 | . 1 5 Fabricators . | . . . Repair Stations . | . . . Recycling Units . | . . . Scanalyzers . | . . . Garrison Access . | . . . Total Hacks 20 | . 2 18 Successful 3 | . 1 2 Failed 17 | . 1 16 Catastrophic 5 | . 1 4 Database Lockouts . | . . . Manual 11 | . 1 10 Terminals 20 | . 2 18 Fabricators . | . . . Repair Stations . | . . . Recycling Units . | . . . Scanalyzers . | . . . Garrison Access . | . . . Terminal Hacks 3 | . 1 2 Level Access Points 1 | . . 1 Alert Level 1 | . 1 . Zone Layout 1 | . . 1 Fabricator Hacks . | . . . Repair Station Hacks . | . . . Recycling Unit Hacks . | . . . Scanalyzer . | . . . Garrison Access Hacks . | . . . Unauthorized Hacks . | . . . Terminals . | . . . Fabricators . | . . . Repair Stations . | . . . Recycling Units . | . . . Scanalyzers . | . . . Garrison Access . | . . . Data Cores Recovered . | . . . Used . | . . . Hacking Detections 6 | . 1 5 Full Trace Events 4 | . . 4 Feedback Events 1 | . . 1 Corruption 1 | . . 1 Feedback Blocked . | . . . Robot Schematics Acquired . | . . . Robots Built . | . . . Matter . | . . . Time . | . . . Total Robot Build Rating . | . . . Part Schematics Acquired . | . . . Parts Built . | . . . Matter . | . . . Time . | . . . Total Part Build Rating . | . . . Parts Repaired . | . . . Time . | . . . Parts Recycled . | . . . Recycled Matter . | . . . Retrieved Matter . | . . . Retrieved Components . | . . . Parts Scanalyzed . | . . . Part Schematics Acquired . | . . . Parts Damaged . | . . . Bothacking | -11 -10 -9 ------------ Run | Scr Mat Mat Used RIF Installer . | . . . Robots Hacked 1 | . . 1 Non-combat . | . . . Combat 1 | . . 1 Robot Hacks Applied 1 | . . 1 parse_system 1 | . . 1 Relay Couplers Released . | . . . Robots Rewired . | . . . Allies Hacked . | . . . Hacks Repelled . | . . . Allies | -11 -10 -9 -------- Run | Scr Mat Mat Total Allies . | . . . Largest Group . | . . . Highest-Rated Group . | . . . Highest-Rated Ally . | . . . Total Orders . | . . . Ally Attacks . | . . . Total Damage . | . . . Kills . | . . . Allies Corrupted . | . . . Allies Melted . | . . . Intel | -11 -10 -9 ------- Run | Scr Mat Mat Robot Analysis Total . | . . . Derelict Logs Recovered . | . . . Drone Launches . | . . . Drone Recoveries . | . . . Exploration | -11 -10 -9 ------------- Run | Scr Mat Mat Turns Passed 1403 | 65 242 1096 Spaces Moved 561 | 44 91 426 Core 14 | 14 . . Treads 547 | 30 91 426 Legs . | . . . Wheels . | . . . Hover . | . . . Flight . | . . . Fastest Speed 50 | 50 160 160 Average Speed 164 | 125 160 169 Slowest Speed 180 | 160 160 180 Overloaded Moves . | . . . Propulsion Burnouts . | . . . Robots Hopped . | . . . Cave-ins Triggered . | . . . Exploration Rate (%) 26 | 4 39 35 Regions Visited 2 Branch Regions . Pre-discovered Areas . | . . . Known Exits Taken . | . . . Unknown Exits Taken 2 | 1 1 . Scrap Searched . | . . . Spaces Dug 15 | . . 15 Terrain Destroyed 132 | . 3 129 Melee . | . . . Projectile . | . . . AOE 132 | . 3 129 Actions | -11 -10 -9 --------- Run | Scr Mat Mat Total 846 | 54 165 627 Wait 115 | . 46 69 Move 559 | 43 90 426 Hop . | . . . Pick Up 43 | 7 3 33 Fast Attach 3 | 1 1 1 Attach 28 | 3 5 20 Detach 1 | . . 1 Swap 4 | . 1 3 Drop 2 | . 1 1 Fire 88 | . 18 70 Melee 2 | . . 2 Ram . | . . . Kick . | . . . Crush 1 | . . 1 Escape Stasis . | . . . Rewire . | . . . Trap . | . . . Miscellaneous . | . . . Route ------- -11/Scrapyard -10/Materials -9/Materials (discovered 3 exits: Mat x3) History --------- Turn | Location | Event 3 | -11/Scrapyard | Discovered new exit (range 16) 66 | -11/Scrapyard | Entered Materials 286 | -10/Materials | Discovered new exit (range 15) 293 | -10/Materials | Lost 4 parts (1p3w) 308 | -10/Materials | Entered another Materials area 308 | -9/Materials | Evolved 2 slots: Utility x1, Weapon x1 310 | -9/Materials | Build established: Mutant 937 | -9/Materials | Discovered new exit (range 16) 1089 | -9/Materials | Core integrity fell below 50% 1158 | -9/Materials | Discovered new exit (range 9) 1176 | -9/Materials | Core integrity fell below 20% 1297 | -9/Materials | Identified exit to Materials 1404 | -9/Materials | Core destroyed Last Messages --------------- Unstable Anomaly suddenly flashes brightly. Engulfed by violent ripples tearing at the fabric of space. System corrupted: Grenade Launcher targeting data glitched. Acquired 10 matter. W8SZTRN3RSJH=GGFLI9I ,EJ9F ALERT: Dispatching additional forces to engage threats. Acquired 29 matter. Acquired 51 matter. Frozen by Ice Anomaly. The unstable cave ceiling collapses. Frozen by Ice Anomaly. The unstable cave ceiling collapses. Lesser Abomination destroyed. Unstable Anomaly suddenly flashes brightly. Acquired Lgt. Treads. Unstable Anomaly suddenly flashes brightly. Engulfed by violent ripples tearing at the fabric of space. Map ----- +----------------------------------------------------+ | ?????????????????????????????????????????????????? | | ?????????????????????????????????????????????????? | | ?????????????????????????????????????????????????? | | ?????????????????????????????????????????????????? | | ?????????????????????????????????????????????????? | | ?????????????????????????????????????????????????? | | ?????????????????????????????????????????????????? | | ?????????????????????????????????????????????????? | | ?????????????????????????????????? "????????????? | | ?????????????????????????????????? ???????????? | | ?????????????????????????????????+ ???????????? | | ?????????????????????????????????# #???????????? | | ????????????????????????????????## ###?????????? | | ????????????????????????????????# "?????????? | | ????????????????????????????????# ""#????????? | | ????????????????????????????????# #????????? | | ????????????????????????????????# < ""#????????? | | ????????????????????????????????# ?????????? | | ????????????????????????????????#% "??????????? | | ????????????????????????????????# ???????????? | | ????????????????????????##########% #???????????? | | ????????????????????????# # ########## | | ????????????????????????#! + | | ????????????????????????# % # | | ????????????????????????#[! %% # % | | ??????????????????????#?#@! n ###### ##### | | ??????????????????????# #!n #????# #??????# | | ?????????????????????## % #????# #??????? | | ?????????????????????# ! #????# #??????? | | ???????????????????# %#????# % #??????? | | ??????????????????# # # ############ #???##?? | | ???????????????# % % # #### ### | | ???????????????# # ## %" ! | | ???????????????# # ## % # #?? | | ???????????????# ###?# = = + #?? | | ???????????????# ???## "" #######+#### | | ???????????????# #???? " T"=#??# | | ???????????????#### #????# " ="" #??# % "T" | | ??????????????????####?????# #??# ! | | ???????????????????????????# ########??# =! | | ???????????????????????????####??????????#[ | | ?????????????????????????????????????????# """ | | ?????????????????????????????????????????# """ | | ?????????????????????????????????????????# """ | | ?????????????????????????????????????????# | | ?????????????????????????????????????????######### | | ??????????????????????????????????????????# | | ??????????????????????????????????????????# | | ??????????????????????????????????????????# | | ????????????????????????????????########### | +----------------------------------------------------+ Best States ------------- Heat Dissipation 50 Energy Generation 10 Energy Capacity 250 Matter Stores 300 Matter Capacity 300 Sight Range 16 Terrain Scan Density 10 Armor Coverage 150 Evasion (%) 50 Recoil Reduction 2 Item Schematics ----------------- None Robot Schematics ------------------ None Fabricated ------------ Nothing Alien Tech Used ----------------- None Achievements -------------- None Challenges ------------ None Game ------ Seed SubatomicHypercooledLog Manual? 0 Play Time 00:16:13 Cumulative 110.4 hours Start 2019.10.31 @ 17:25:40 End 2019.10.31 @ 17:40:42 Sessions 1 Manual Loads 0 Difficulty Rogue Special Mode Halloween2019/Abominations Game No. 114 Rogue 114 Adventurer 0 Explorer 0 Win Type - Total 1 Types 1/0/0/0/0/0/0 Lore% 61 Gallery% 60 Achievement% 46 Wizard Run 0 Options --------- ASCII 0 Keyboard 0 Movement Numpad Keybinds 0 Fullscreen 1 Font 12/Terminus Map View 83x54 Tactical HUD 0 Map Filters NONE Filters NONE Steam 1 RUN: affe29cc-fb4a-4c66-84a5-9c34aa0e013b